APL (24 & UNDER)
BEAVERTON BRONZE SOULS @ NANTUCKET ORCAS
07/19/2027
 
TOP OF THE 1ST
Beaverton Bronze Souls batting - Pitching for Nantucket Orcas : LHP Ray Morgan
Pitching: LHP Ray Morgan
Batting: RHB Juan Becerra 0-0: Ball
1-0: Foul Ball, location: 2F
1-1: Ball
2-1: Swinging Strike
2-2: Strikes out looking
Batting: RHB Carlos Guevara 0-0: Ball
1-0: Ball
2-0: Fly out, F9 (Flyball, 9LS)
Batting: RHB Tom Hughes 0-0: Swinging Strike
0-1: Swinging Strike
0-2: Foul Ball, location: 2F
0-2: Ball
1-2: Ground out 6-3 (Groundball, 6)
Top of the 1st over - 0 run(s), 0 hit(s), 0 error(s), 0 left on base; Beaverton 0 - Nantucket 0
BOTTOM OF THE 1ST
Nantucket Orcas batting - Pitching for Beaverton Bronze Souls : RHP David Peterson
Pitching: RHP David Peterson
Batting: RHB Jorge Hernández 0-0: Called Strike
0-1: Called Strike
0-2: Ball
1-2: Fly out, F8 (Line Drive, 8RM)
Batting: RHB Ramón Díaz 0-0: Ball
1-0: DOUBLE (Groundball, 5L)
Batting: SHB Cory Campbell 0-0: Ball
1-0: Called Strike
1-1: Fly out, F8 (Flyball, 8LM)
Batting: SHB Héctor Padilla 0-0: Called Strike
0-1: Ball
1-1: Foul Ball, location: 2F
1-2: Foul Ball, location: 2F
1-2: Strikes out swinging
Bottom of the 1st over - 0 run(s), 1 hit(s), 0 error(s), 1 left on base; Beaverton 0 - Nantucket 0
TOP OF THE 2ND
Beaverton Bronze Souls batting - Pitching for Nantucket Orcas : LHP Ray Morgan
Batting: LHB Chance Santry 0-0: SINGLE (Groundball, 34D)
Batting: RHB David Kerr 0-0: Ball
1-0: Called Strike
1-1: Ball
2-1: Called Strike
2-2: Strikes out swinging
Batting: LHB Joel Nelson 0-0: Called Strike
0-1: Ball
1-1: Foul Ball, location: 2F
1-2: Ball
2-2: Foul Ball, location: 2F
2-2: Fielders Choice at 2nd, 6-4 (Groundball, 6)
Batting: SHB Alberto Sandoval 0-0: Foul Ball, location: 2F
0-1: Ball
1-1: Foul Ball, location: 2F
1-2: Foul Ball, location: 2F
1-2: Ball
2-2: Strikes out swinging
Top of the 2nd over - 0 run(s), 1 hit(s), 0 error(s), 1 left on base; Beaverton 0 - Nantucket 0
BOTTOM OF THE 2ND
Nantucket Orcas batting - Pitching for Beaverton Bronze Souls : RHP David Peterson
Batting: LHB Noah Gillespie 0-0: Called Strike
0-1: Ball
1-1: Foul Ball, location: 2F
1-2: Foul Ball, location: 2F
1-2: Foul Ball, location: 2F
1-2: Ball
2-2: Strikes out looking
Batting: RHB César Osequedo 0-0: Ball
1-0: DOUBLE (Line Drive, 7LM)
Batting: RHB Anastasio Zartuche 0-0: Called Strike
0-1: Called Strike
0-2: SINGLE (Line Drive, 6D)
César Osequedo to third
Batting: RHB Domingo Hernández 0-0: Fly out, F9 (Flyball, 9LMF)
Runner from 3rd tags up, SCORES, no throw
Batting: LHB Carter Sweet 0-0: Fielders Choice at 2nd, 4-6 (Groundball, 34)
Bottom of the 2nd over - 1 run(s), 2 hit(s), 0 error(s), 0 left on base; Beaverton 0 - Nantucket 1
TOP OF THE 3RD
Beaverton Bronze Souls batting - Pitching for Nantucket Orcas : LHP Ray Morgan
Batting: RHB Carlos Carrillo 0-0: Ball
1-0: Ball
2-0: Ball
3-0: Called Strike
3-1: Base on Balls
Batting: RHB Joe Brinkman 0-0: Fielders Choice at 2nd, 6-4 (Groundball, 6)
Batting: RHB Juan Becerra 0-0: Swinging Strike
0-1: Ball
1-1: Called Strike
1-2: Foul Ball, location: 2F
1-2: Foul Ball, location: 2F
1-2: Foul Ball, location: 2F
1-2: Ball
2-2: Foul Ball, location: 2F
2-2: Ball
3-2: Ground out 3-1 (Groundball, 34S)
Joe Brinkman to second
Batting: RHB Carlos Guevara 0-0: Swinging Strike
0-1: Ball
1-1: SINGLE (Groundball, 34D)
Joe Brinkman to third
Runner from 3rd tries for Home, SAFE, no throw
Batting: RHB Tom Hughes 0-0: Ball
1-0: Foul Ball, location: 2F
1-1: Fielders Choice at 2nd, 4-6 (Groundball, 34)
Top of the 3rd over - 1 run(s), 1 hit(s), 0 error(s), 0 left on base; Beaverton 1 - Nantucket 1
BOTTOM OF THE 3RD
Nantucket Orcas batting - Pitching for Beaverton Bronze Souls : RHP David Peterson
Batting: RHB Jorge Hernández 0-0: Ball
1-0: Fly out, F8 (Flyball, 8LS)
Batting: RHB Ramón Díaz 0-0: Swinging Strike
0-1: Fly out, F8 (Flyball, 8LD)
Batting: SHB Cory Campbell 0-0: Ball
1-0: Foul Ball, location: 2F
1-1: Ball
2-1: Foul Ball, location: 2F
2-2: Foul Ball, location: 2F
2-2: Reached via error on a dropped throw, E3
Batting: SHB Héctor Padilla 0-0: Ball
1-0: Foul Ball, location: 2F
1-1: Ball
2-1: Foul Ball, location: 2F
2-2: Ball
3-2: Foul Ball, location: 2F
3-2: Base on Balls
Cory Campbell to second
Batting: LHB Noah Gillespie 0-0: Ball
1-0: Fielders Choice at 2nd, 6-4 (Groundball, 6)
Bottom of the 3rd over - 0 run(s), 0 hit(s), 1 error(s), 1 left on base; Beaverton 1 - Nantucket 1
TOP OF THE 4TH
Beaverton Bronze Souls batting - Pitching for Nantucket Orcas : LHP Ray Morgan
Batting: LHB Chance Santry 0-0: Ball
1-0: Swinging Strike
1-1: Swinging Strike
1-2: Ball
2-2: Strikes out swinging
Batting: RHB David Kerr 0-0: SINGLE (Line Drive, 78M)
Batting: LHB Joel Nelson 0-0: Called Strike
David Kerr steals 2nd base
0-1: Foul Ball, location: 2F
0-2: Ball
1-2: Ball
2-2: Ball
3-2: Strikes out looking
Batting: SHB Alberto Sandoval 0-0: Called Strike
0-1: Called Strike
0-2: Ball
1-2: Ball
2-2: Ball
3-2: Foul Ball, location: 2F
3-2: Fly out, F9 (Flyball, 89S)
Top of the 4th over - 0 run(s), 1 hit(s), 0 error(s), 1 left on base; Beaverton 1 - Nantucket 1
BOTTOM OF THE 4TH
Nantucket Orcas batting - Pitching for Beaverton Bronze Souls : RHP David Peterson
Batting: RHB César Osequedo 0-0: Called Strike
0-1: Swinging Strike
0-2: Foul Ball, location: 2F
0-2: Ball
1-2: Foul Ball, location: 2F
1-2: SINGLE (Groundball, 6S) (infield hit)
Batting: RHB Anastasio Zartuche 0-0: Ball
1-0: Ground out 4-3 (Groundball, 4MD)
César Osequedo to second
Batting: RHB Domingo Hernández 0-0: Called Strike
0-1: Ball
1-1: Ball
2-1: Fly out, F7 (Flyball, 7D)
Runner from 2nd tags up, SAFE at 3rd, no throw
Batting: LHB Carter Sweet 0-0: Called Strike
0-1: Foul Ball, location: 2F
0-2: Ground out U3 (Groundball, 34)
Bottom of the 4th over - 0 run(s), 1 hit(s), 0 error(s), 1 left on base; Beaverton 1 - Nantucket 1
TOP OF THE 5TH
Beaverton Bronze Souls batting - Pitching for Nantucket Orcas : LHP Ray Morgan
Batting: RHB Carlos Carrillo 0-0: Ball
1-0: Ball
2-0: Ball
3-0: Base on Balls
Pitching: RHP Loeck Adriaanse
Batting: RHB Joe Brinkman 0-0: Called Strike
0-1: Called Strike
0-2: Ball
1-2: Grounds into double play, 6-4-3 (Groundball, 6)
Batting: RHB Juan Becerra 0-0: Ball
1-0: Ball
2-0: Fly out, F4 (Popup, 34D)
Top of the 5th over - 0 run(s), 0 hit(s), 0 error(s), 0 left on base; Beaverton 1 - Nantucket 1
BOTTOM OF THE 5TH
Nantucket Orcas batting - Pitching for Beaverton Bronze Souls : RHP David Peterson
Batting: RHB Jorge Hernández 0-0: Foul Ball, location: 2F
0-1: Ball
1-1: SINGLE (Line Drive, 7S)
Batting: RHB Ramón Díaz 0-0: Ball
1-0: Called Strike
1-1: Fly out, F6 (Popup, 5D)
Pitching: RHP Arturo García
Batting: SHB Cory Campbell 0-0: Ball
1-0: Foul Ball, location: 2F
1-1: Foul Ball, location: 2F
1-2: Strikes out looking
Batting: SHB Héctor Padilla 0-0: Foul Ball, location: 2F
0-1: Ball
Jorge Hernández is caught stealing 2nd base
Bottom of the 5th over - 0 run(s), 1 hit(s), 0 error(s), 0 left on base; Beaverton 1 - Nantucket 1
TOP OF THE 6TH
Beaverton Bronze Souls batting - Pitching for Nantucket Orcas : RHP Loeck Adriaanse
Batting: RHB Carlos Guevara 0-0: Ball
1-0: SINGLE (Line Drive, 89S)
Batting: RHB Tom Hughes 0-0: Called Strike
0-1: Ball
1-1: Called Strike
1-2: SINGLE (Flyball, 8RS)
Carlos Guevara to second
Batting: LHB Chance Santry 0-0: Called Strike
0-1: Called Strike
0-2: Ball
1-2: 3-RUN HOME RUN (Line Drive, 9LD), Distance : 334 ft
Pitching: RHP Sean Flynn
Batting: RHB David Kerr 0-0: Ball
1-0: Fly out, F6 (Line Drive, 6D)
Batting: LHB Joel Nelson 0-0: Called Strike
0-1: Ball
1-1: Ball
2-1: Foul Ball, location: 2F
2-2: Foul Ball, location: 2F
2-2: Ball
3-2: Foul Ball, location: 2F
3-2: Foul Ball, location: 2F
3-2: Foul Ball, location: 2F
3-2: SINGLE (Line Drive, 78M)
Batting: SHB Alberto Sandoval 0-0: Ball
1-0: Called Strike
1-1: Foul Ball, location: 2F
1-2: Ball
2-2: Strikes out swinging
Batting: RHB Carlos Carrillo 0-0: Ball
Joel Nelson is caught stealing 2nd base
Top of the 6th over - 3 run(s), 4 hit(s), 0 error(s), 0 left on base; Beaverton 4 - Nantucket 1
BOTTOM OF THE 6TH
Nantucket Orcas batting - Pitching for Beaverton Bronze Souls : RHP Arturo García
Batting: SHB Héctor Padilla 0-0: Called Strike
0-1: Ball
1-1: Swinging Strike
1-2: SINGLE (Flyball, 89S)
Batting: LHB Noah Gillespie 0-0: Ball
1-0: Ball
2-0: Swinging Strike
2-1: Swinging Strike
2-2: Strikes out swinging
Batting: RHB César Osequedo 0-0: Ball
1-0: Called Strike
1-1: Fly out, F9 (Flyball, 9LS)
Batting: RHB Anastasio Zartuche 0-0: Called Strike
0-1: Foul Ball, location: 2F
0-2: Ball
1-2: Strikes out swinging
Bottom of the 6th over - 0 run(s), 1 hit(s), 0 error(s), 1 left on base; Beaverton 4 - Nantucket 1
TOP OF THE 7TH
Beaverton Bronze Souls batting - Pitching for Nantucket Orcas : RHP Sean Flynn
Batting: RHB Carlos Carrillo 0-0: Called Strike
0-1: Ground out 1-3 (Groundball, P)
Batting: RHB Joe Brinkman 0-0: Called Strike
0-1: Fly out, F8 (Flyball, 8LM)
Batting: RHB Juan Becerra 0-0: SINGLE (Line Drive, 89S)
Batting: RHB Carlos Guevara 0-0: Ball
1-0: Ball
2-0: Called Strike
2-1: Ball
3-1: Foul Ball, location: 2F
3-2: Foul Ball, location: 2F
3-2: Strikes out looking
Top of the 7th over - 0 run(s), 1 hit(s), 0 error(s), 1 left on base; Beaverton 4 - Nantucket 1
BOTTOM OF THE 7TH
Nantucket Orcas batting - Pitching for Beaverton Bronze Souls : RHP Arturo García
Batting: RHB Domingo Hernández 0-0: Ball
1-0: Ball
2-0: Ball
3-0: Called Strike
3-1: Called Strike
3-2: Base on Balls
Batting: LHB Carter Sweet 0-0: Ball
1-0: Foul Ball, location: 2F
1-1: Fly out, F4 (Popup, 34)
Batting: RHB Jorge Hernández 0-0: Swinging Strike
0-1: SINGLE (Groundball, 25) (infield hit)
Domingo Hernández to second
Batting: RHB Ramón Díaz 0-0: Ball
1-0: Ball
2-0: Foul Ball, location: 2F
2-1: Ball
3-1: Base on Balls
Domingo Hernández to third
Jorge Hernández to second
Batting: SHB Cory Campbell 0-0: Called Strike
0-1: Called Strike
0-2: Ball
1-2: Ball
2-2: Foul Ball, location: 2F
2-2: Strikes out swinging
Batting: SHB Héctor Padilla 0-0: Called Strike
0-1: Ball
1-1: Foul Ball, location: 2F
1-2: Ball
2-2: Foul Ball, location: 2F
2-2: Foul Ball, location: 2F
2-2: SINGLE (Groundball, 34S) (infield hit)
Domingo Hernández scores
Jorge Hernández to third
Ramón Díaz to second
Pitching: LHP Jeff Brennan
Pinch Hitting: RHB Pepe Franco 0-0: Ball
1-0: Fly out, F9 (Flyball, 9LS)
Bottom of the 7th over - 1 run(s), 2 hit(s), 0 error(s), 3 left on base; Beaverton 4 - Nantucket 2
TOP OF THE 8TH
Beaverton Bronze Souls batting - Pitching for Nantucket Orcas : RHP Sean Flynn
Now at 3B: Pepe Franco
Batting: RHB Tom Hughes 0-0: Swinging Strike
0-1: Ball
1-1: Swinging Strike
1-2: Foul Ball, location: 2F
1-2: Ball
2-2: Ground out 6-3 (Groundball, 6)
Batting: LHB Chance Santry 0-0: Called Strike
0-1: Reached on error, E3 (Groundball, 34)
Batting: RHB David Kerr 0-0: Ball
1-0: Called Strike
1-1: Fielders Choice at 2nd, 6-4 (Groundball, 6)
Batting: LHB Joel Nelson 0-0: Called Strike
0-1: Foul Ball, location: 2F
0-2: Ball
1-2: SINGLE (Groundball, 6MD)
David Kerr to second
Runner from 2nd tries for 3rd, SAFE, no throw
Batting: SHB Alberto Sandoval 0-0: Ball
1-0: Foul Ball, location: 2F
1-1: Ball
2-1: Foul Ball, location: 2F
2-2: Strikes out swinging
Top of the 8th over - 0 run(s), 1 hit(s), 1 error(s), 2 left on base; Beaverton 4 - Nantucket 2
BOTTOM OF THE 8TH
Nantucket Orcas batting - Pitching for Beaverton Bronze Souls : LHP Jeff Brennan
Pitching: RHP Ben Hepworth
Batting: RHB César Osequedo 0-0: Called Strike
0-1: Ball
1-1: Fly out, F9 (Flyball, 89M)
Batting: RHB Anastasio Zartuche 0-0: Ball
1-0: Called Strike
1-1: Ball
2-1: Called Strike
2-2: Foul Ball, location: 2F
2-2: Strikes out looking
Batting: RHB Domingo Hernández 0-0: Ball
1-0: Called Strike
1-1: Foul Ball, location: 2F
1-2: Strikes out swinging
Bottom of the 8th over - 0 run(s), 0 hit(s), 0 error(s), 0 left on base; Beaverton 4 - Nantucket 2
TOP OF THE 9TH
Beaverton Bronze Souls batting - Pitching for Nantucket Orcas : RHP Sean Flynn
Pitching: RHP José Cuellar
Batting: RHB Carlos Carrillo 0-0: Fly out, F8 (Flyball, 8LM)
Batting: RHB Joe Brinkman 0-0: Called Strike
0-1: Ball
1-1: Ball
2-1: Swinging Strike
2-2: Strikes out looking
Batting: RHB Juan Becerra 0-0: Called Strike
0-1: Foul Ball, location: 2F
0-2: Strikes out swinging
Top of the 9th over - 0 run(s), 0 hit(s), 0 error(s), 0 left on base; Beaverton 4 - Nantucket 2
BOTTOM OF THE 9TH
Nantucket Orcas batting - Pitching for Beaverton Bronze Souls : RHP Ben Hepworth
Pitching: LHP Mike Stevens
Now at 1B: José Dávila
Batting: LHB Carter Sweet 0-0: SINGLE (Groundball, 56D)
Pinch Runner at 1st Ramiro Javier:
Batting: RHB Jorge Hernández 0-0: Called Strike
0-1: Ball
1-1: Foul Ball, location: 2F
1-2: Strikes out swinging
Batting: RHB Ramón Díaz 0-0: Ball
1-0: Called Strike
1-1: Ball
2-1: Ball
3-1: Base on Balls
Ramiro Javier to second
Batting: SHB Cory Campbell 0-0: Ball
1-0: Fly out, F8 (Flyball, 8LD)
Runner from 2nd tags up, SAFE at 3rd, no throw
Pinch Runner at 1st José Castillo:
Batting: SHB Héctor Padilla 0-0: Ball
1-0: Ball
2-0: SINGLE (Groundball, P) (infield hit)
Ramiro Javier scores
José Castillo to second
Batting: RHB Pepe Franco 0-0: Ball
1-0: Foul Ball, location: 2F
1-1: Foul Ball, location: 2F
1-2: Strikes out swinging
Bottom of the 9th over - 1 run(s), 2 hit(s), 0 error(s), 2 left on base; Beaverton 4 - Nantucket 3
Thursday, March 30th, 2017 - OOTP Baseball 17.12 Build 75